 Dungeon Crawl Stone Soup version 0.20.2-3-g29329e0561 (webtiles) character file.

359 Alfie the Shooter (level 6, 0/52 HPs)
             Began as a Minotaur Hunter on June 19, 2020.
             Slain by Grinder (2 damage)
             ... on level 3 of the Dungeon.
             The game lasted 00:07:31 (2030 turns).

Alfie the Shooter (Minotaur Hunter)                 Turns: 2030, Time: 00:07:32

Health: 0/52       AC:  5    Str: 16 (18) XL:     6   Next: 37%
Magic:  5/5        EV: 12    Int:  7 (8)  God:
Gold:   134        SH:  0    Dex:  8 (11) Spells: 5/5 levels left

rFire    + . .     SeeInvis .   a - +1 shortbow
rCold    . . .     Gourm    .   (shield currently unavailable)
rNeg     . . .     Faith    .   l - +0 leather armour {rF+}
rPois    .         Spirit   .   (helmet restricted)
rElec    .         Reflect  .   c - +0 cloak
rCorr    .         Harm     .   (no gloves)
MR       .....                  m - +0 pair of boots
Stlth    +.........             (no amulet)
Regen    0.2/turn               (no ring)
MPRegen  0.1/turn               (no ring)

@: no status effects
A: retaliatory headbutt, horns 2
a: no special abilities


You were on level 3 of the Dungeon.
You were not hungry.

You visited 1 branch of the dungeon, and saw 3 of its levels.

You collected 134 gold pieces.

Inventory:

Hand Weapons
 a - a +1 shortbow (weapon)
 b - a +0 short sword
Missiles
 d - 3 arrows (quivered)
 h - 6 tomahawks
Armour
 c - a +0 cloak (worn)
 l - a +0 leather armour of fire resistance (worn)
 m - a +0 pair of boots (worn)
Jewellery
 q - an uncursed ring of protection from magic {unknown}
Wands
 j - a wand of random effects (31/48)
Scrolls
 e - a scroll of enchant weapon {unknown}
 g - 2 scrolls of teleportation
 o - a scroll of blinking {unknown}
 p - a scroll of identify
Potions
 k - a potion of degeneration
Comestibles
 f - 2 bread rations
 i - 3 meat rations


   Skills:
 + Level 3.7 Fighting
 + Level 0.2 Short Blades
 + Level 7.5 Bows
 + Level 2.2 Armour
 + Level 2.5 Dodging
 + Level 0.7 Stealth


You had 5 spell levels left.
You didn't know any spells.

Dungeon Overview and Level Annotations

Branches:
Dungeon (3/15)

Altars:
Cheibriados
Fedhas
Nemelex Xobeh
The Shining One

Annotations:
D:3 Grinder


Innate Abilities, Weirdness & Mutations

You reflexively headbutt those who attack you in melee.
You have a pair of horns on your head.


Message History

You shoot an arrow. The arrow hits Grinder!
Grinder is heavily wounded.
Firing (i - inventory. (,) - cycle):
d - 4 arrows (quivered)
Press: ? - help, Shift-Dir - straight line, f/p - Grinder
Aim: Grinder (heavily wounded)
You shoot an arrow. The arrow closely misses Grinder.
Grinder gestures at you.
You suddenly lose the ability to move!
Grinder says, "Just stop there for a second..."
Grinder hits you!
* * * LOW HITPOINT WARNING * * *
Grinder hits you.
* * * LOW HITPOINT WARNING * * *
Grinder hits you but does no damage.
You can move again.
It was a potion of degeneration.
There was something very wrong with that liquid.
You feel weakened.
You feel dopey.
You feel clumsy. Grinder hits you.
You die...

##### ### #. .. #.# (# #.#
(# #.# 5# #.# (# #.#
##############(# #.#
#.....†..@5)(.(# #.#
#.############$##### #.##
#.##############...####...
#.#.#.#...#.#.#..#........
#...#...#...#......#######
#.#...#.#.#...#.#### #
#.#...#.#.#...#.#
#...#...#...#...#
###.#.#...#.#.###


You could see Grinder.

Vanquished Creatures
  Sigmund (D:3)
  The ghost of peterlawrence the Shield-Bearer, an amateur MiFi (D:3)
  2 adders (D:2)
  An ooze (D:1)
  2 worms
  2 dart slugs (D:1)
  2 leopard geckos
  7 orcs (D:3)
  7 bats
  3 giant cockroaches
  5 hobgoblins
  7 kobolds
  2 quokkas (D:3)
  2 frilled lizards (D:1)
  10 goblins
  12 rats
66 creatures vanquished.

Notes
Turn   | Place    | Note
-------+----------+-------------------------------------------
     0 | D:1      | Alfie the Minotaur Hunter began the quest for the Orb.
     0 | D:1      | Reached XP level 1. HP: 18/18 MP: 0/0
    40 | D:1      | Reached XP level 2. HP: 21/25 MP: 1/1
   172 | D:1      | Reached skill level 5 in Bows
   295 | D:1      | Reached XP level 3. HP: 30/30 MP: 2/2
   464 | D:2      | Found a snail-covered altar of Cheibriados.
   592 | D:2      | Reached skill level 1 in Armour
   667 | D:2      | Found a sparkling altar of Nemelex Xobeh.
   817 | D:2      | Reached XP level 4. HP: 37/37 MP: 3/3
   877 | D:2      | Found a glowing golden altar of the Shining One.
  1027 | D:3      | Noticed peterlawrence's ghost (amateur MiFi)
  1039 | D:3      | HP: 1/37 [peterlawrence's ghost (14)]
  1042 | D:3      | Killed peterlawrence's ghost
  1042 | D:3      | Reached skill level 6 in Bows
  1042 | D:3      | Reached XP level 5. HP: 10/44 MP: 4/4
  1653 | D:3      | Found a blossoming altar of Fedhas.
  2008 | D:3      | Noticed Sigmund
  2008 | D:3      | Noticed Grinder
  2011 | D:3      | Paralysed by Grinder for 3 turns
  2023 | D:3      | Killed Sigmund
  2023 | D:3      | Reached skill level 7 in Bows
  2023 | D:3      | Reached XP level 6. HP: 26/52 MP: 5/5
  2026 | D:3      | Paralysed by Grinder for 3 turns
  2028 | D:3      | HP: 2/52 [Grinder (6)]
  2030 | D:3      | Slain by Grinder

Skill      XL: |  1  2  3  4  5 |
---------------+----------------+-----
Bows           | 5 6 7 |  7.5
Armour         | 1 2 |  2.2
Fighting       | 3 |  3.7
Short Blades   | |  0.2
Dodging        | |  2.5
Stealth        | |  0.7

Action                   |  1- 3 |  4- 6 || total
-------------------------+-------+-------++-------
Melee: Short sword       |     1 |       ||     1
 Fire: Shortbow          |    94 |    96 ||   190
  Use: Scroll            |     2 |     3 ||     5
       Potion            |       |     5 ||     5
  Eat: Royal jelly       |       |     1 ||     1
       Fruit             |       |     1 ||     1
Armor: Leather armour    |     2 |     5 ||     7
Dodge: Dodged            |    14 |    19 ||    33
